 Dungeon Crawl Stone Soup version 0.20-a0-256-gabb291d (webtiles) character file.

90 wazuzu the Chopper (level 4, -5/39 HPs)
             Began as a Hill Orc Monk on Dec 1, 2016.
             Killed from afar by a white imp (8 damage)
             ... with a puff of frost
             ... summoned by Natasha
             ... on level 2 of the Dungeon.
             The game lasted 00:02:39 (1417 turns).

wazuzu the Chopper (Hill Orc Monk)                  Turns: 1417, Time: 00:02:39

Health: -5/39      AC:  8    Str: 14    XL:     4   Next: 56%
Magic:  4/4        EV:  6    Int: 10    God:
Gold:   63         SH:  0    Dex: 13    Spells: 3/3 levels left

rFire  . . .     SeeInvis .     a - +0 hand axe
rCold  . . .     Gourm    .     k - +0 chain mail
rNeg   . . .     Faith    .     (no shield)
rPois  .         Spirit   .     (no helmet)
rElec  .         Reflect  .     (no cloak)
rCorr  .         Harm     .     (no gloves)
MR     .....                    (no boots)
Stlth  ..........               (no amulet)
                                (no ring)
                                (no ring)

@: no status effects
A: no striking features
a: no special abilities


You were on level 2 of the Dungeon.
You were not hungry.

You visited 1 branch of the dungeon, and saw 2 of its levels.

You collected 63 gold pieces.

Inventory:

Hand Weapons
 a - a +0 hand axe (weapon)
Armour
 k - a +0 chain mail (worn)
Scrolls
 b - a scroll of enchant weapon {unknown}
 d - 2 scrolls of identify {unknown}
 e - 2 scrolls of remove curse {unknown}
 i - a scroll of blinking {unknown}
Potions
 g - a potion of mutation {unknown}
Comestibles
 c - a bread ration
 f - a meat ration
 h - 2 beef jerkies
 j - 2 fruits
 l - 3 chunks of flesh


   Skills:
 - Level 3.6 Fighting
 + Level 6.8 Axes
 - Level 2.4 Dodging
 - Level 1.5 Stealth


You had 3 spell levels left.
You didn't know any spells.

Dungeon Overview and Level Annotations

Branches:
Dungeon (2/15)

Altars:

Annotations:
D:2 Natasha


Message History

Your chain mail prevents you from hitting the white imp.
Natasha claws you but does no damage.
The white imp hits you but does no damage.
Your chain mail prevents you from hitting Natasha.
Natasha is severely wounded.
You hit the white imp but do no damage. Natasha completely misses you.
The white imp hits you. The white imp freezes you.
* * * LOW HITPOINT WARNING * * *
You barely miss Natasha.
Natasha is severely wounded.
You hit the white imp but do no damage.
Natasha extends her claws.
Natasha claws you.
* * * LOW HITPOINT WARNING * * *
You barely miss Natasha.
Natasha is severely wounded.
You hit the white imp. The white imp gestures at you.
The puff of frost hits you!
You die...

### ..####### ........#
........################
........##....##.5......#
................@h......#
##.....(##....#.######..###
..........(..##.# ###....#
...........(....# ##.....#
.......÷.....######......#
.........................#
.#........###).####.#....########
..........###..###..#.....##.....
.....÷..#.......##.##..##.##.....


You could see Natasha and a white imp.

Vanquished Creatures
  Ijyb (D:2)
  Terence (D:2)
  A dart slug (D:1)
  A leopard gecko (D:1)
  A giant cockroach (D:1)
  4 goblins (D:2)
  4 hobgoblins
  A ball python (D:2)
  9 bats
  4 frilled lizards (D:2)
  4 kobolds
  8 rats
39 creatures vanquished.

Notes
Turn   | Place    | Note
-------+----------+-------------------------------------------
     0 | D:1      | wazuzu the Hill Orc Monk began the quest for the Orb.
     0 | D:1      | Reached XP level 1. HP: 19/19 MP: 1/1
   325 | D:1      | Reached XP level 2. HP: 26/26 MP: 2/2
   403 | D:1      | Reached skill level 5 in Axes
   546 | D:2      | Noticed Terence
   630 | D:2      | Noticed Ijyb
   658 | D:2      | Killed Ijyb
   658 | D:2      | Reached skill level 6 in Axes
   658 | D:2      | Reached XP level 3. HP: 6/31 MP: 3/3
   985 | D:2      | Reached XP level 4. HP: 39/39 MP: 4/4
  1034 | D:2      | Killed Terence
  1404 | D:2      | Noticed Natasha
  1417 | D:2      | Killed from afar by a white imp

Vault maps used:
D:1:      dpeg_arrival_simpleton_b
D:2:      uniq_iyjb, uniq_terence, uniq_natasha

Skill      XL: |  1  2 |
---------------+-------+-----
Axes           | 6 |  6.8
Fighting       | |  3.6
Dodging        | |  2.4
Stealth        | |  1.5

Action                   |  1- 3 |  4- 6 || total
-------------------------+-------+-------++-------
Melee: Hand axe          |    80 |    73 ||   153
 Stab: Sleeping          |     1 |       ||     1
  Eat: Chunk             |       |     2 ||     2
Armor: Leather armour    |    43 |     8 ||    51
       Chain mail        |       |    37 ||    37
Dodge: Dodged            |    79 |    28 ||   107
